 Dungeon Crawl Stone Soup version 0.21-a0-404-g291f19a (webtiles) character file.

455 Tarsiiformes the Skirmisher (level 6, -2/82 HPs)
             Began as a Demonspawn Gladiator on Oct 31, 2017.
             Slain by an orc warrior
             ... wielding a +0 glaive
              (8 damage)
             ... on level 4 of the Dungeon.
             The game lasted 00:06:04 (3052 turns).

Tarsiiformes the Skirmisher (Demonspawn Gladiator)  Turns: 3052, Time: 00:06:05

Health: -2/82      AC: 23    Str: 19    XL:     6   Next: 76%
Magic:  6/6        EV:  2    Int:  9    God:
Gold:   210        SH:  6    Dex: 17    Spells: 5/5 levels left

rFire    . . .     SeeInvis .   a - +0 long sword
rCold    . . .     Gourm    .   h - +2 buckler
rNeg     + + +     Faith    .   (armour currently unavailable)
rPois    +         Spirit   .   (helmet currently unavailable)
rElec    .         Reflect  .   (cloak currently unavailable)
rCorr    .         Harm     .   (gloves currently unavailable)
MR       .....     NoTele   +   (boots currently unavailable)
Stlth    ++........             n - amulet of regeneration
HPRegen  0.63/turn              (no ring)
MPRegen  0.10/turn              (no ring)

@: mighty, tree-form (expiring), very slightly contaminated, hasted, invisible,
very quick
A: sense surroundings 1
a: no special abilities


You were on level 4 of the Dungeon.
You were not hungry.
You were a tree.
You visited 1 branch of the dungeon, and saw 4 of its levels.

You collected 210 gold pieces.

Inventory:

Hand Weapons
 a - a +0 long sword (weapon)
Missiles
 d - 3 throwing nets (quivered)
Armour
 c - a +0 helmet (melded)
 h - a +2 buckler (worn)
 x - a +0 chain mail (melded)
Jewellery
 n - an amulet of regeneration (around neck)
 v - an uncursed ring of fire
 y - an uncursed ring of stealth {unknown}
Wands
 q - a wand of iceblast (9/15)
 C - a wand of digging (6/24)
Scrolls
 e - a scroll of recharging {unknown}
 i - a scroll of amnesia {unknown}
 j - 2 scrolls of teleportation {unknown}
 l - 4 scrolls of remove curse {unknown}
 m - a scroll of immolation {unknown}
 p - 3 scrolls of identify {unknown}
 s - a scroll of enchant weapon {unknown}
 A - a scroll of noise {unknown}
 B - a scroll of magic mapping {unknown}
Potions
 b - 2 potions of might
 k - a potion of invisibility
 t - a potion of curing
Comestibles
 f - 3 bread rations
 g - 4 royal jellies
 o - 2 meat rations
 w - 4 fruits


   Skills:
 * Level 7.4 Fighting
 - Level 2.6 Long Blades
 - Level 1.7 Throwing
 - Level 2.6 Dodging


You had 5 spell levels left.
You didn't know any spells.

Dungeon Overview and Level Annotations

Branches:
Dungeon (4/15)             Temple (0/1) D:4

Altars:
Nemelex Xobeh
Uskayaw


Innate Abilities, Weirdness & Mutations

((You have large cloven feet.))
((You are mostly covered in iridescent scales. (AC +4)))
((You have a pair of small antennae on your head.))
You passively map a small area around you.


Message History

The orc warrior hits you from afar with a glaive!
* * * LOW HITPOINT WARNING * * *
You block the orc warrior's attack.
You cannot move.
You cannot move.
The orc warrior hits you but does no damage.
The orc warrior hits you but does no damage.
The orc warrior hits you but does no damage.
The orc warrior hits you from afar with a glaive!
* * * LOW HITPOINT WARNING * * *
The orc warrior hits you but does no damage.
The orc warrior completely misses you.
Unknown command.
The orc warrior barely misses you.
Your transformation is almost over.
The orc warrior hits you from afar with a glaive.
* * * LOW HITPOINT WARNING * * *
Unknown command.
The orc warrior hits you from afar with a glaive!
You die...

# ##(##
###########...####
.................+
######.##........#,
# #.##.##o###.# ,
#.##.##o# #.# *
#.##....# #.# * ,
#.##..#o# #.# * *
#.##..#.# #♣#
#.##..#.###)# *
..........o.#
.####.####### , #.
, #* * , , ,* *
,... , , ..# , ..#


You could see an orc warrior.

Vanquished Creatures
  A phantom (D:4)
  A bullfrog (D:4)
  A centaur skeleton (D:4)
  An orc priest (D:4)
  An orc wizard (D:4)
  2 worker ants (D:4)
  3 gnolls (D:2)
  4 adders
  A dart slug (D:1)
  2 leopard geckos
  13 orcs
  4 ball pythons
  5 bats
  5 giant cockroaches
  5 goblins
  9 hobgoblins
  11 jackals
  A quokka (D:3)
  3 frilled lizards
  A jackal skeleton (D:4)
  7 kobolds
  4 rats
85 creatures vanquished.

Notes
Turn   | Place    | Note
-------+----------+-------------------------------------------
     0 | D:1      | Tarsiiformes the Demonspawn Gladiator began the quest for the Orb.
     0 | D:1      | Reached XP level 1. HP: 16/16 MP: 1/1
   411 | D:1      | Gained mutation: You have large cloven feet. [demonic ancestry]
   411 | D:1      | Reached XP level 2. HP: 23/23 MP: 2/2
   567 | D:1      | Reached skill level 3 in Fighting
  1152 | D:1      | Reached XP level 3. HP: 29/29 MP: 3/3
  1453 | D:2      | Reached skill level 4 in Fighting
  1602 | D:2      | Gained mutation: You are partially covered in iridescent scales. (AC +2) [demonic ancestry]
  1602 | D:2      | Reached XP level 4. HP: 38/38 MP: 4/4
  1875 | D:2      | Reached skill level 5 in Fighting
  2141 | D:3      | Noticed a dagger
  2145 | D:3      | Noticed a hand axe
  2147 | D:3      | Found a hide-covered altar of Uskayaw.
  2296 | D:3      | Gained mutation: You are mostly covered in iridescent scales. (AC +4) [demonic ancestry]
  2296 | D:3      | Reached XP level 5. HP: 44/44 MP: 5/5
  2499 | D:3      | Found a sparkling altar of Nemelex Xobeh.
  2775 | D:4      | Found a staircase to the Ecumenical Temple.
  2782 | D:4      | Reached skill level 6 in Fighting
  2836 | D:4      | Reached XP level 6. HP: 51/53 MP: 6/6
  2900 | D:4      | Reached skill level 7 in Fighting
  2962 | D:4      | Noticed an orc warrior
  3013 | D:4      | Gained mutation: You have a pair of small antennae on your head. [potion of mutation]
  3013 | D:4      | Gained mutation: You passively map a small area around you. [potion of mutation]
  3052 | D:4      | Slain by an orc warrior

Vault maps used:
D:1:      minmay_arrival_widening_spiral_wide, serial_bayou_ford_a,
          st_stairs_13, minmay_cut_off
D:3:      dancing_weapons_uskayaw, first_bread, nemelex_lonely_heart_becter
D:4:      minitemple, minmay_temple_entry_junction, grunt_tough_drop

Skill      XL: |  1  2  3  4  5  6 |
---------------+-------------------+-----
Fighting       | 3 4 5 6 7 |  7.4
Long Blades    | |  2.6
Throwing       | |  1.7
Dodging        | |  2.6

Action                   |  1- 3 |  4- 6 || total
-------------------------+-------+-------++-------
Melee: Long sword        |    94 |   160 ||   254
       Kick              |    24 |    58 ||    82
  Use: Potion            |       |     6 ||     6
 Stab: Invisible         |       |     2 ||     2
  Eat: Chunk             |     2 |     5 ||     7
Armor: Leather armour    |    18 |       ||    18
       Ring mail         |    20 |    32 ||    52
       Chain mail        |       |    58 ||    58
       Skin              |       |     8 ||     8
Dodge: Dodged            |    78 |    65 ||   143
Block: Buckler           |    25 |    53 ||    78
       Rpst.: Long sword |    30 |    12 ||    42

Table legend:
 A = Spawn XP
 B = Non-spawn XP
 C = Spawn XP percentage of total XP
 D = Spawn monster count
 E = Non-spawn monster count
 F = Spawn count percentage of total count
 G = Total turns spent on level
                    A         B        C        D         E        F      G
               +---------+---------+-------+---------+---------+-------+---------
         Total |       0 |     650 |   0.0 |       0 |      85 |   0.0 |  3052
               +---------+---------+-------+---------+---------+-------+---------
           D:1 |       0 |      46 |   0.0 |       0 |      25 |   0.0 |  1240
           D:2 |       0 |     124 |   0.0 |       0 |      26 |   0.0 |   848
           D:3 |       0 |      40 |   0.0 |       0 |      15 |   0.0 |   456
           D:4 |       0 |     440 |   0.0 |       0 |      19 |   0.0 |   508
               +---------+---------+-------+---------+---------+-------+---------
